 Dungeon Crawl Stone Soup version 0.29.0-13-gc9e81de378 (webtiles) character file.

Game seed: 14799854648810346730

1955 Artool the Trooper (level 8, 0/65 HPs)
             Began as a Demonspawn Gladiator on Sept 8, 2022.
             Slain by Edmund
             ... wielding a +1 vorpal dire flail
              (2 damage)
             ... on level 5 of the Dungeon.
             The game lasted 00:21:39 (8151 turns).

Artool the Trooper (Demonspawn Gladiator)           Turns: 8151, Time: 00:21:39

Health: 0/65       AC:  7    Str: 16    XL:     8   Next: 99%
Magic:  8/8        EV: 15    Int:  9    God:
Gold:   212        SH:  5    Dex: 22    Spells: 7/7 levels left

rFire   . . .      SeeInvis .   p - +4 whip
rCold   . . .      Faith    .   (no shield)
rNeg    . . .      Spirit   .   x - +0 ring mail
rPois   .          Reflect  +   (helmet restricted)
rElec   .          Harm     .   (no cloak)
rCorr   .          Rampage  .   (no gloves)
Will    .....                   (no boots)
Stlth   +.........              t - amulet of reflection
HPRegen 0.20/turn               z - +6 ring of dexterity
MPRegen 0.11/turn               (no ring)

@: hasted, very quick
A: antennae 1, rugged brown scales 1, demonic guardian 1
a: no special abilities


You were on level 5 of the Dungeon.
You visited 1 branch of the dungeon, and saw 6 of its levels.
You also visited: Sewer.

You collected 212 gold pieces.

Inventory:

Hand Weapons
 a - a +0 flail
 j - a +0 whip
 p - a +4 whip (weapon)
Missiles
 d - 3 throwing nets (quivered)
 e - a javelin
 G - 8 poisoned darts
Armour
 b - a +0 leather armour
 c - a +0 helmet
 x - a +0 ring mail (worn)
Magical Staves
 C - a staff of fire
Jewellery
 t - an amulet of reflection (around neck)
 z - a +6 ring of dexterity (left hand)
 B - a ring of protection from fire
Scrolls
 g - a scroll of acquirement {unknown}
 h - 2 scrolls of enchant weapon {unknown}
 i - a scroll of poison {unknown}
 n - a scroll of enchant armour {unknown}
 q - a scroll of vulnerability {unknown}
 r - a scroll of torment {unknown}
 u - 3 scrolls of summoning {unknown}
 v - 4 scrolls of fear {unknown}
 y - 2 scrolls of teleportation {unknown}
 A - 2 scrolls of identify {unknown}
 D - a scroll of blinking {unknown}
 E - 2 scrolls of amnesia {unknown}
Potions
 f - a potion of brilliance
 k - a potion of attraction {unknown}
 l - 3 potions of might {unknown}
 o - a potion of curing {unknown}
 s - a potion of flight {unknown}
 w - 2 potions of heal wounds {unknown}
 F - a potion of mutation {unknown}
 H - a potion of magic {unknown}
 I - a potion of resistance {unknown}


   Skills:
 + Level 6.1 Fighting
 + Level 6.0 Maces & Flails
 - Level 1.7 Throwing
 + Level 5.1 Armour
 + Level 6.0 Dodging


You had 7 spell levels left.
You didn't know any spells.
Your spell library contained the following spells:

 Spells                   Type           Power      Damage    Failure   Level
 Poisonous Vapours        Pois/Air       0%         N/A       73%         2
 Corpse Rot               Necr/Pois/Air  0%         N/A       100%        4


Dungeon Overview and Level Annotations

Branches:
Dungeon (6/15)              Sewer (visited)
 Temple: D:4-7

Altars:
Trog

Shops:
D:5 :

Annotations:
D:3 2 transporters, ImASeal's ghost, amateur TrBe
D:4 Eustachio; Sigmund
D:5 Edmund; Grinder


Innate Abilities, Weirdness & Mutations

You have a pair of small antennae on your head.
You are partially covered in rugged brown scales. (AC +1, +3% HP)
A weak demonic guardian rushes to your aid.


Message History

You hit Edmund.
Edmund is heavily wounded.
Edmund completely misses you.
You feel yourself speed up.
Edmund hits you with a +1 vorpal dire flail.
* * * LOW HITPOINT WARNING * * *
x2 You hit Edmund.
Edmund is heavily wounded.
Edmund misses you.
You hit Edmund.
Edmund is heavily wounded.
You barely miss Edmund.
Edmund is heavily wounded.
Edmund gestures with his flail.
Edmund hits you with a +1 vorpal dire flail.
* * * LOW HITPOINT WARNING * * *
x2 A demonic guardian appears!
You barely miss Edmund.
Edmund is heavily wounded.
Unknown command.
You hit Edmund.
Edmund is severely wounded.
You block Edmund's attack.
You hit Edmund.
Edmund is severely wounded.
Your quasit closely misses Edmund.
Your quasit claws Edmund but does no damage. x2
You catch the helpless Edmund completely off-guard!
You hit Edmund but do no damage.
Edmund is severely wounded.
You block Edmund's attack.
You hit Edmund but do no damage.
Edmund is severely wounded.
Your quasit bites Edmund.
Your quasit misses Edmund.
Your quasit claws Edmund but does no damage.
You hit Edmund but do no damage.
Edmund is severely wounded.
Edmund hits you with a +1 vorpal dire flail!
* * * LOW HITPOINT WARNING * * *
You die...

.#.#####.## #.#.....#.#.#.#
..#### #.# #.#.##..#.#.#.#
#....# #.## #.#.........#.###
####.###..####.#..#..#.#.....#
...............#..#......#.###
.###....#......#..#..........#
.# ####.....##.#.##...##.#.###
.# #####....))#...<...#.# .#
###..5@#...###.#.# .#
#######@#...# #.#.# .#
#.......#...#####.# .#
#.#####.#.......#.# .# #.#
#.#.#.###.#.# ## #.# #.#....
#.#.# #†#############.#.#
#.#...............###
#...................#


You could see Edmund (ally target) and a friendly quasit (summoned).

Vanquished Creatures
  A steam dragon (D:6)
  2 water moccasins (D:5)
  2 ice beasts (D:5)
  2 black bears (D:5)
  2 kobold brigands (Sewer)
  A phantom (D:5)
  A bullfrog (D:3)
  2 scorpions (D:5)
  2 howler monkeys
  3 hounds
  2 orc priests (D:5)
  An iguana (D:5)
  3 orc wizards
  9 adders
  2 river rats (Sewer)
  2 white imps
  A dart slug (D:5)
  14 orcs
  4 bats
  3 endoplasms
  4 giant cockroaches
  10 goblins
  9 hobgoblins
  6 jackals
  6 quokkas
  4 ball pythons
  8 frilled lizards
  9 kobolds
  6 rats
121 creatures vanquished.

Vanquished Creatures (collateral kills)
  An ogre (D:4)
  A centaur (D:6)
  A phantom (D:4)
  An orc wizard (D:6)
  Robin (D:2)
  An adder (D:2)
  4 orcs
  5 goblins (D:2)
  A kobold (D:2)
  2 rats (D:2)
18 creatures vanquished.

Vanquished Creatures (others)
  A goblin (D:2)
  15 plants (Sewer)
16 creatures vanquished.

Grand Total: 155 creatures vanquished

Notes
Turn   | Place    | Note
-------+----------+-------------------------------------------
     0 | D:1      | Artool the Demonspawn Gladiator began the quest for the
                  | Orb.
     0 | D:1      | Reached XP level 1. HP: 16/16 MP: 1/1
   355 | D:1      | Found a faded altar of an unknown god.
   453 | D:1      | Gained mutation: A weak demonic guardian rushes to your
                  | aid. [demonic ancestry]
   453 | D:1      | Reached XP level 2. HP: 19/22 MP: 2/2
  1157 | D:2      | Reached skill level 1 in Armour
  1157 | D:2      | Gained mutation: You have a pair of small antennae on your
                  | head. [demonic ancestry]
  1157 | D:2      | Reached XP level 3. HP: 6/28 MP: 3/3
  1455 | D:2      | Noticed Robin
  1945 | D:2      | Killed Robin
  1946 | D:2      | Reached XP level 4. HP: 15/34 MP: 4/4
  2286 | D:3      | Noticed ImASeal's ghost (amateur TrBe)
  2286 | D:3      | Found a transporter.
  2472 | D:3      | Found a transporter.
  2474 | D:3      | Noticed a bullfrog
  2489 | D:3      | Killed a bullfrog
  2490 | D:3      | Gained mutation: You are partially covered in rugged brown
                  | scales. (AC +1, +3% HP) [demonic ancestry]
  2490 | D:3      | Reached XP level 5. HP: 6/42 MP: 5/5
  3339 | D:4      | Noticed a phantom
  3368 | D:4      | Killed a phantom
  3527 | D:4      | Noticed Sigmund
  3530 | D:4      | Noticed Eustachio
  3660 | D:4      | Reached XP level 6. HP: 32/48 MP: 6/6
  4411 | D:5      | Entered Level 5 of the Dungeon
  4482 | D:5      | Noticed Grinder
  4838 | D:5      | Noticed an ice beast
  4866 | D:5      | Killed an ice beast
  4867 | D:5      | Reached XP level 7. HP: 8/55 MP: 7/7
  5326 | D:5      | Found a bloodstained altar of Trog.
  5422 | D:5      | Found Kupau's Book Shoppe.
  5811 | D:5      | Reached skill level 5 in Fighting
  5811 | D:5      | Reached skill level 5 in Maces & Flails
  5811 | D:5      | Reached skill level 5 in Dodging
  5811 | D:5      | Reached XP level 8. HP: 46/63 MP: 8/8
  6209 | D:6      | Found a glowing drain.
  6232 | Sewer    | Entered a sewer
  7018 | D:5      | HP: 4/97 [black bear (1)]
  7468 | D:5      | Reached skill level 5 in Armour
  7468 | D:5      | HP: 2/65 [orc/+0 short sword (3)]
  7929 | D:6      | Noticed Edmund
  8151 | D:5      | HP: 2/65 [Edmund/+1 vorpal dire flail (10)]
  8151 | D:5      | Slain by Edmund

Illustrated notes

Levels and vault maps discovered:
D:1:      giann_wishing_wells, layout_loops_ring, ebering_ecumenical_altar_webs
D:2:      layout_rooms, minmay_fractal_squares_5, uniq_robin
D:3:      layout_basic, gammafunk_ghost_mausoleum, bh_walls_and_bars
D:4:      layout_rooms, uniq_eustachio, uniq_sigmund
D:5:      layout_basic, mainiacjoe_overflow_tiny_flanked, serial_shops,
          nicolae_stop_n_shop_1, chequers_serial_rivers_room_b,
          kennysheep_generic_room_11, uniq_grinder
D:6:      layout_cave_pools, pdpol_wu_jian_five_deadly_venoms,
          mainiacjoe_overflow_alcove_1, temple_hall, portal_sewer_entry_f,
          uniq_edmund

Skill      XL: |  1  2  3  4  5  6  7  8 |
---------------+-------------------------+-----
Maces & Flails | 3 4 5 6 |  6.0
Armour         | 1 2 3 4 5 |  5.1
Dodging        | 3 4 5 6 |  6.0
Fighting       | 3 4 5 6 |  6.1
Throwing       | |  1.7

Action                   |  1- 3 |  4- 6 |  7- 9 || total
-------------------------+-------+-------+-------++-------
Melee: Flail             |    57 |       |       ||    57
       Whip              |    40 |   176 |   370 ||   586
       Punch             |     1 |     1 |     9 ||    11
  Use: Potion            |       |       |     5 ||     5
 Stab: Sleeping          |     1 |       |     1 ||     2
       Distracted        |       |       |     2 ||     2
Armor: Leather armour    |    48 |    10 |       ||    58
       Ring mail         |       |    34 |    93 ||   127
       Skin              |       |       |    25 ||    25
Dodge: Dodged            |   111 |    90 |   186 ||   387
Block: Other             |       |    19 |    97 ||   116
       Reflection        |       |       |     1 ||     1
